 Dungeon Crawl Stone Soup version 0.22-a0-192-g6ffc940 (webtiles) character file.

4377 Amnesiac the Thaumaturge (level 10, -11/63 HPs)
             Began as a Mummy Earth Elementalist on Feb 16, 2018.
             Was an Initiate of Ashenzari.
             Mangled by a two-headed ogre
             ... wielding a +0 giant spiked club
              (34 damage)
             ... on level 8 of the Dungeon.
             The game lasted 00:14:42 (8236 turns).

Amnesiac the Thaumaturge (Mummy Earth Elementalist) Turns: 8236, Time: 00:14:43

Health: -11/63     AC:  4    Str: 12    XL:     10   Next: 13%
Magic:  27/33      EV: 12    Int: 17    God:    Ashenzari [......]
Gold:   421        SH:  0    Dex: 13    Spells: 12/29 levels left

rFire    x . .     SeeInvis .   b - +2 spear (venom)
rCold    + . .     Gourm    .   (no shield)
rNeg     + + +     Faith    .   z - +0 robe (curse)
rPois    ∞         Spirit   .   (no helmet)
rElec    .         Reflect  .   l - +0 cloak (curse)
rCorr    .         Harm     .   h - +0 pair of gloves (curse)
MR       +....                  (no boots)
Stlth    ++........             (no amulet)
HPRegen  0.20/turn              n - ring of magical power
MPRegen  0.23/turn              (no ring)

@: no status effects
A: no food or potions, fire vulnerability, cold resistance 1, negative energy
resistance 3, torment resistance, unbreathing
a: Curse Item, Renounce Religion


You were on level 8 of the Dungeon.
You worshipped Ashenzari.
Ashenzari was noncommittal.
You were not hungry.

You visited 2 branches of the dungeon, and saw 9 of its levels.

You collected 421 gold pieces.

Inventory:

Hand Weapons
 a - a +2 dagger of pain
 b - a +2 spear of venom (weapon)
 y - a +4 dagger
Missiles
 j - 174 stones (quivered)
 m - 155 arrows
 r - a throwing net
 v - 28 poisoned needles
Armour
 c - a +0 robe
 h - a cursed +0 pair of gloves (worn)
 l - a cursed +0 cloak (worn)
 z - a cursed +0 robe (worn)
Magical Staves
 w - an uncursed staff of conjuration
Jewellery
 n - a ring of magical power (left hand)
 B - an uncursed ring of protection from fire
Wands
 o - a wand of acid (8)
 p - a wand of digging (19)
 s - a wand of random effects (28)
Scrolls
 d - 7 scrolls of identify {!r, unknown}
 e - a scroll of fear {!r, unknown}
 f - 3 scrolls of enchant armour {!r, unknown}
 g - a scroll of random uselessness {!r, unknown}
 i - 2 scrolls of remove curse {!r}
 k - 4 scrolls of amnesia {!r, unknown}
 q - a scroll of immolation {!r, unknown}
 u - a scroll of magic mapping {!r, unknown}
 x - 8 scrolls of teleportation {!r, unknown}
 A - 2 scrolls of enchant weapon {!r, unknown}
 C - a scroll of blinking {!r, unknown}
Books
 t - a book of Debilitation

   Spells                             Type                      Level
   a - Corona                         Hexes                        1
   b - Slow                           Hexes                        2
   c - Inner Flame                    Hexes/Fire                   3
   d - Portal Projectile              Hexes/Translocation          3
   e - Cause Fear                     Hexes                        4
   f - Leda's Liquefaction            Hexes/Earth                  4
 E - a book of Misfortune

   Spells                             Type                      Level
   a - Confusing Touch                Hexes                        1
   b - Confuse                        Hexes                        3
   c - Gell's Gravitas                Translocation                3
   d - Petrify                        Transmutation/Earth          4
   e - Metabolic Englaciation         Hexes/Ice                    5
   f - Yara's Violent Unravelling     Hexes/Transmutation          5


   Skills:
 - Level 1.5 Dodging
 - Level 1.5 Stealth
 + Level 10.4 Spellcasting
 - Level 0.7 Transmutations
 * Level 10.4 Earth Magic


You had 12 spell levels left.
You knew the following spells:

 Your Spells              Type           Power        Failure   Level  Hunger
a - Sandblast             Erth           #####.       1%          1    N/A
b - Passwall              Tmut/Erth      ####......   1%          2    N/A
c - Stone Arrow           Conj/Erth      ####..       2%          3    N/A
d - Lee's Rapid Deconstr  Erth           #####.....   3%          5    N/A
e - Petrify               Tmut/Erth      ####....     9%          4    N/A
f - Sticks to Snakes      Tmut           ##......     9%          2    N/A

Dungeon Overview and Level Annotations

Branches:
Dungeon (8/15)             Temple (1/1) D:7
   Lair: D:8-11

Altars:
Ashenzari
Cheibriados
Dithmenos
Elyvilon
Fedhas
Gozag
Hepliaklqana
Kikubaaqudgha
Makhleb
Nemelex Xobeh
Okawaru
Qazlal
Ru
Sif Muna
Trog
Uskayaw
Vehumet
Wu Jian
Xom
Yredelemnul
Zin
The Shining One

Shops:
D:5 :


Innate Abilities, Weirdness & Mutations

You do not eat or drink.
Your flesh is vulnerable to fire.
You are immune to poison.
Your flesh is cold resistant. (rC+)
You are immune to negative energy. (rN+++)
You are immune to unholy pain and torment.
You can survive without breathing.


Message History

Confirm with . or Enter, or press ? or * to list all spells.
You can't see any susceptible monsters within range! (Use Z to cast anyway.)
Casting: Sandblast (safe; 1% risk of failure)
Confirm with . or Enter, or press ? or * to list all spells.
You can't see any susceptible monsters within range! (Use Z to cast anyway.)
An orc priest and a two-headed ogre come into view.
You see here a +0 scale mail.
Casting: Sandblast (safe; 1% risk of failure)
Confirm with . or Enter, or press ? or * to list all spells.
Aiming: Sandblast (safe; 1% risk of failure)
Press: ? - help, Shift-Dir - straight line, f - orc
Aim: an orc, wielding a dagger The blast of sand hits the orc.
You kill the orc!
j - 179 stones The orc priest shouts!
The two-headed ogre shouts in stereo!
Casting: Sandblast (safe; 1% risk of failure)
Confirm with . or Enter, or press ? or * to list all spells.
Aiming: Sandblast (safe; 1% risk of failure)
Press: ? - help, Shift-Dir - straight line, f - orc
Aim: an orc, wielding a short sword and wearing a leather armour The blast of sand hits the orc.
You kill the orc!
j - 178 stones The orc priest calls down the wrath of Beogh upon you.
Beogh smites you!
Casting: Sandblast (safe; 1% risk of failure)
Confirm with . or Enter, or press ? or * to list all spells.
Aiming: Sandblast (safe; 1% risk of failure)
Press: ? - help, Shift-Dir - straight line, f - orc
Aim: an orc, wielding a mace and wearing a leather armour The blast of sand hits the orc.
You kill the orc!
j - 177 stones
Casting: Sandblast (safe; 1% risk of failure)
Confirm with . or Enter, or press ? or * to list all spells.
Aiming: Sandblast (safe; 1% risk of failure)
Press: ? - help, Shift-Dir - straight line, f - two-headed ogre
Aim: a two-headed ogre, wielding a giant spiked club and a giant club The blast of sand hits the two-headed ogre.
The two-headed ogre is lightly wounded.
j - 176 stones The orc priest invokes the aid of Beogh against you.
Beogh smites you!
* * * LOW HITPOINT WARNING * * *
Casting: Sandblast (safe; 1% risk of failure)
Confirm with . or Enter, or press ? or * to list all spells.
Aiming: Sandblast (safe; 1% risk of failure)
Press: ? - help, Shift-Dir - straight line, f/p - two-headed ogre
Aim: a two-headed ogre, wielding a giant spiked club and a giant club (lightly wounded)
The blast of sand hits the two-headed ogre.
The two-headed ogre is heavily wounded.
j - 175 stones
Casting: Sandblast (safe; 1% risk of failure)
Confirm with . or Enter, or press ? or * to list all spells.
Aiming: Sandblast (safe; 1% risk of failure)
Press: ? - help, Shift-Dir - straight line, f/p - two-headed ogre
Aim: a two-headed ogre, wielding a giant spiked club and a giant club (heavily wounded)
The blast of sand hits the two-headed ogre.
The two-headed ogre is almost dead.
j - 174 stones The two-headed ogre hits you with a giant spiked club!!
Ouch! That really hurt!
You die...

##..# #.## ###### #>#
##.... #.# #.... #.#
#...## #.## #....###
##..# ##......##
#...###...##...######...
#.........####..@O)o....
#..........# #..........
#......##..# #.....###..
##.....##### #......#
#.##.## #......# #. ###
#......# #. #......# ..
#..#..## .


You could see a two-headed ogre and an orc priest.

Vanquished Creatures
  2 two-headed ogres
  Grinder (D:4)
  Edmund (D:5)
  A sky beast (D:7)
  2 orc warriors
  A phantom (D:6)
  A black bear (D:7)
  2 ice beasts
  3 ogres
  2 centaurs
  4 bullfrogs
  2 scorpions
  5 wights (D:7)
  2 crimson imps
  2 bullfrog zombies
  A howler monkey (D:8)
  2 jellies
  A bullfrog skeleton (D:7)
  6 orc priests
  3 hounds
  An iguana (D:4)
  7 orc wizards
  Natasha (thrice) (D:2)
  6 worker ants
  A hound zombie (D:8)
  7 gnolls
  7 adders
  2 adder zombies
  6 leopard geckos
  16 orcs
  9 bats
  5 giant cockroaches
  14 goblins
  8 hobgoblins
  7 jackals
  5 quokkas
  4 frilled lizards
  4 kobolds
  7 rats
163 creatures vanquished.

Notes
Turn   | Place    | Note
-------+----------+-------------------------------------------
     0 | D:1      | Amnesiac the Mummy Earth Elementalist began the quest for the Orb.
     0 | D:1      | Reached XP level 1. HP: 13/13 MP: 4/4
   481 | D:2      | Reached XP level 2. HP: 19/19 MP: 3/5
   644 | D:2      | Reached XP level 3. HP: 19/24 MP: 5/7
   728 | D:2      | Noticed an orc warrior
  1132 | D:4      | Learned a level 2 spell: Passwall
  1197 | D:4      | Noticed Grinder
  1279 | D:4      | Reached XP level 4. HP: 12/30 MP: 0/9
  1471 | D:4      | Reached XP level 5. HP: 21/35 MP: 2/11
  1598 | D:4      | Learned a level 4 spell: Petrify
  1604 | D:4      | Learned a level 5 spell: Lee's Rapid Deconstruction
  2063 | D:4      | Noticed an ogre
  2151 | D:4      | Killed an ogre
  2151 | D:4      | Reached skill level 5 in Spellcasting
  2151 | D:4      | Reached skill level 5 in Earth Magic
  2151 | D:4      | Reached XP level 6. HP: 41/41 MP: 10/13
  2305 | D:4      | Killed Grinder
  2305 | D:4      | Reached XP level 7. HP: 26/46 MP: 6/15
  2504 | D:4      | Learned a level 3 spell: Stone Arrow
  2507 | D:4      | Learned a level 2 spell: Sticks to Snakes
  2812 | D:5      | Entered Level 5 of the Dungeon
  3142 | D:5      | Noticed Edmund
  3167 | D:5      | Killed Edmund
  3333 | D:5      | Found Roant's Book Boutique.
  3433 | D:6      | Reached XP level 8. HP: 52/52 MP: 17/18
  3598 | D:6      | Found a burning altar of Makhleb.
  5090 | D:7      | Reached XP level 9. HP: 38/57 MP: 21/21
  5271 | D:7      | Found a staircase to the Ecumenical Temple.
  5363 | Temple   | Entered the Ecumenical Temple
  5463 | Temple   | Became a worshipper of Ashenzari the Shackled
  6180 | D:2      | Noticed Natasha
  6184 | D:2      | Killed Natasha
  6343 | D:2      | Noticed Natasha
  6351 | D:2      | Killed Natasha
  6390 | D:2      | Noticed Natasha
  6397 | D:2      | Killed Natasha
  7168 | D:7      | Noticed a two-headed ogre
  7190 | D:7      | Killed a two-headed ogre
  7404 | D:7      | Reached skill level 10 in Spellcasting
  7404 | D:7      | Reached skill level 10 in Earth Magic
  7544 | D:8      | Noticed a two-headed ogre
  7637 | D:8      | Noticed a two-headed ogre
  7962 | D:8      | Killed a two-headed ogre
  7962 | D:8      | Reached XP level 10. HP: 57/63 MP: 17/24
  8230 | D:8      | Noticed a two-headed ogre
  8236 | D:8      | Mangled by a two-headed ogre

Vault maps used:
D:1:      zelgadis_glass_arrival_small, minivault_14
D:2:      uniq_natasha
D:3:      kennysheep_big_flooded_room, minmay_misc_feat_square
D:4:      first_ration, minmay_ogre_servants, uniq_grinder
D:5:      serial_shops, kennysheep_little_box, uniq_edmund
D:6:      basic_altar
D:7:      cheibrodos_barr_body, minmay_temple_entry_statues_pillars
D:8:      makhleb_blood_cavern_becter, hangedman_ranch
Temple:   kilobyte_greek_temple

Skill      XL: |  1  2  3  4  5  6  7  8  9 |
---------------+----------------------------+-----
Spellcasting   | 3 4 5 6 8 10 | 10.4
Earth Magic    | 3 4 5 6 8 10 | 10.4
Dodging        | |  1.5
Stealth        | |  1.5
Transmutations | |  0.7

Action                   |  1- 3 |  4- 6 |  7- 9 | 10-12 || total
-------------------------+-------+-------+-------+-------++-------
Melee: Dagger            |    54 |       |       |       ||    54
       Unarmed           |     4 |       |       |       ||     4
       Spear             |       |    43 |   300 |       ||   343
 Cast: Sandblast         |    36 |    24 |    76 |     9 ||   145
       Passwall          |     1 |       |     1 |       ||     2
       Petrify           |       |       |     3 |       ||     3
       Lee's Rapid Decon |       |       |     8 |     2 ||    10
Invok: Curse Item        |       |       |     2 |       ||     2
 Stab: Sleeping          |     1 |     1 |     7 |       ||     9
Armor: Robe              |    27 |     4 |    55 |       ||    86
Dodge: Dodged            |    48 |    18 |   191 |       ||   257

Table legend:
 A = Spawn XP
 B = Non-spawn XP
 C = Spawn XP percentage of total XP
 D = Spawn monster count
 E = Non-spawn monster count
 F = Spawn count percentage of total count
 G = Total turns spent on level
                    A         B        C        D         E        F      G
               +---------+---------+-------+---------+---------+-------+---------
         Total |       0 |    6254 |   0.0 |       0 |     163 |   0.0 |  8236
               +---------+---------+-------+---------+---------+-------+---------
           D:1 |       0 |      19 |   0.0 |       0 |      11 |   0.0 |  1256
           D:2 |       0 |     331 |   0.0 |       0 |      28 |   0.0 |   777
           D:3 |       0 |      92 |   0.0 |       0 |      27 |   0.0 |   656
           D:4 |       0 |     746 |   0.0 |       0 |      28 |   0.0 |  1540
           D:5 |       0 |     406 |   0.0 |       0 |       8 |   0.0 |   836
           D:6 |       0 |     906 |   0.0 |       0 |      19 |   0.0 |  1168
           D:7 |       0 |    2584 |   0.0 |       0 |      28 |   0.0 |  1284
           D:8 |       0 |    1170 |   0.0 |       0 |      14 |   0.0 |   582
               +---------+---------+-------+---------+---------+-------+---------
